 Dungeon Crawl Stone Soup version 0.28-a0-851-g8b9cc49659 (webtiles) character file.

Game seed: 11217428403088487248

104 funkygono the Magician (level 4, -7/24 HPs)
             Began as a Deep Elf Fire Elementalist on Nov 14, 2021.
             Mangled by Crazy Yiuf (12 damage)
             ... on level 3 of the Dungeon.
             The game lasted 00:04:41 (3004 turns).

funkygono the Magician (Deep Elf Fire Elementalist) Turns: 3004, Time: 00:04:42

Health: -7/24      AC:  3    Str:  5    XL:     4   Next: 52%
Magic:  8/12       EV: 12    Int: 21    God:
Gold:   64         SH:  0    Dex: 15    Spells: 2/12 levels left

rFire   . . .      SeeInvis .   n - +1 dagger (elec)
rCold   . . .      Faith    .   (no shield)
rNeg    . . .      Spirit   .   a - +0 robe
rPois   .          Reflect  .   (no helmet)
rElec   .          Harm     .   (no cloak)
rCorr   +          Rampage  .   (no gloves)
Will    .....                   l - +0 pair of boots
Stlth   ++........              k - amulet of regeneration
HPRegen 1.08/turn               m - ring of resist corrosion
MPRegen 0.13/turn               (no ring)

@: no status effects
A: no striking features
a: no special abilities


You were on level 3 of the Dungeon.
You visited 1 branch of the dungeon, and saw 3 of its levels.

You collected 64 gold pieces.

Inventory:

Hand Weapons
 d - a +0 dagger
 n - a +1 dagger of electrocution (weapon)
Missiles
 c - 90 stones
Armour
 a - a +0 robe (worn)
 l - a +0 pair of boots (worn)
Jewellery
 k - an amulet of regeneration (around neck)
 m - a ring of resist corrosion (left hand)
Wands
 o - a wand of acid (10)
Scrolls
 b - a scroll of amnesia {unknown}
 f - a scroll of holy word {unknown}
 g - a scroll of teleportation {unknown}
 h - 2 scrolls of identify {unknown}
 i - a scroll of blinking {unknown}
Potions
 e - 2 potions of curing {unknown}
 j - a potion of brilliance {unknown}


   Skills:
 + Level 2.4 Dodging
 - Level 2.4 Stealth
 * Level 4.7 Spellcasting
 * Level 2.2 Conjurations
 * Level 4.5 Fire Magic


You had 2 spell levels left.
You knew the following spells:

 Your Spells              Type           Power      Damage    Failure   Level
a - Foxfire               Conj/Fire      76%        2x1d7     2%          1
b - Scorch                Fire           46%        2d7       2%          2
c - Conjure Flame         Conj/Fire      19%        6-21      9%          3
d - Flame Wave            Conj/Fire      19%        3d5       28%         4

Your spell library contained the following spells:

 Spells                   Type           Power      Damage    Failure   Level
 Passwall                 Tmut/Erth      4%         N/A       17%         2
 Inner Flame              Hex/Fire       14%        N/A       13%         3
 Swiftness                Air            5%         N/A       32%         3


Dungeon Overview and Level Annotations

Branches:
Dungeon (3/15)

Altars:

Annotations:
D:3 Crazy Yiuf


Message History

Ijyb is heavily wounded.
Ijyb misses you.
Casting: Foxfire (safe; 3% risk of failure)
Confirm with . or Enter, or press ? or * to list all spells.
Flames lash Ijyb.
You kill Ijyb!
Unknown command.
Found 11 arrows.
o - a wand of acid (10)
Things that are here:
a +0 dagger; a +0 leather armour Your foxfire dissipates! x2
Magic restored.
Found a mace.
Found a runed translucent door.
You open the door.
There are no items here.
Crazy Yiuf yells, "Scoff unthinkable canine!"
Casting: Scorch (safe; 2% risk of failure)
Confirm with . or Enter, or press ? or * to list all spells.
You conjure some foxfire!
Crazy Yiuf closely misses you.
Casting: Foxfire (safe; 2% risk of failure)
Confirm with . or Enter, or press ? or * to list all spells.
Flames lash Crazy Yiuf.
Crazy Yiuf is heavily wounded.
Crazy Yiuf's fire resistance burns away.
The foxfire hits Crazy Yiuf!
Crazy Yiuf is burned terribly!
Crazy Yiuf is almost dead.
The foxfire hits Crazy Yiuf but does no damage.
Crazy Yiuf is almost dead.
Crazy Yiuf hits you with a +2 quarterstaff of chaos!
Ouch! That really hurt!
Crazy Yiuf freezes you.
* * * LOW HITPOINT WARNING * * *
Crazy Yiuf yells, "Cake cower broken!"
Casting: Scorch (safe; 2% risk of failure)
Confirm with . or Enter, or press ? or * to list all spells.
You conjure some foxfire!
Crazy Yiuf hits you with a +2 quarterstaff of chaos!
Ouch! That really hurt!
You die...

#'#
######.##...
♣♣.♣
#.........##
♣g♣♣
#######....#
♣♣.♣
#####.....
♣.♣♣
#(......).
♣♣.♣♣
###.........
♣...♣♣
#...........
♣..g.♣
#.##########
#..@.# #.#
#.vv.####.#
##........#
##...#####
#####


You could see Crazy Yiuf (combustible, ally target).

Vanquished Creatures
  Ijyb (D:3)
  2 adders (D:3)
  A dart slug (D:2)
  6 endoplasms
  3 giant cockroaches
  6 goblins
  3 hobgoblins
  6 jackals
  A quokka (D:2)
  9 ball pythons
  5 frilled lizards
  7 kobolds
  5 rats
55 creatures vanquished.

Vanquished Creatures (others)
  184 foxfires
184 creatures vanquished.

Grand Total: 239 creatures vanquished

Notes
Turn   | Place    | Note
-------+----------+-------------------------------------------
     0 | D:1      | funkygono the Deep Elf Fire Elementalist began the quest
                  | for the Orb.
     0 | D:1      | Reached XP level 1. HP: 10/10 MP: 6/6
   453 | D:1      | Reached XP level 2. HP: 12/15 MP: 5/8
   499 | D:1      | Learned a level 2 spell: Scorch
  1296 | D:2      | Found a faded altar of an unknown god.
  1627 | D:2      | Reached XP level 3. HP: 19/19 MP: 7/10
  1631 | D:2      | Learned a level 3 spell: Conjure Flame
  2094 | D:3      | Noticed Ijyb
  2516 | D:3      | Reached XP level 4. HP: 24/24 MP: 7/12
  2521 | D:3      | Learned a level 4 spell: Flame Wave
  2928 | D:3      | Killed Ijyb
  2990 | D:3      | Found a runed translucent door.
  2991 | D:3      | Noticed Crazy Yiuf
  3004 | D:3      | Mangled by Crazy Yiuf

Illustrated notes

Levels and vault maps discovered:
D:1:      kilobyte_arrival_exit_the_forest, layout_basic, columned_hall_lemuel
D:2:      layout_basic, shapermc_ecumenical_altar_totnotflames,
          hangedman_decor_clover_reticule
D:3:      cheibrodos_thug_alley, layout_rooms, glass_columns_b,
          uniq_crazy_yiuf_cottage, uniq_ijyb

Skill      XL: |  1  2  3  4 |
---------------+-------------+-----
Fire Magic     | 4 |  4.5
Spellcasting   | 4 |  4.7
Conjurations   | 2 |  2.2
Dodging        | |  2.4
Stealth        | |  2.4

Action                   |  1- 3 |  4- 6 || total
-------------------------+-------+-------++-------
Melee: Dagger            |     1 |       ||     1
 Cast: Foxfire           |    80 |    25 ||   105
       Scorch            |       |     2 ||     2
Dodge: Dodged            |     2 |     2 ||     4

Table legend: (Time is in decaauts)
 A = Elapsed time spent in this place.
 B = Non-inter-level travel time spent in this place.
 C = Inter-level travel time spent in this place.
 D = Time resting spent in this place.
 E = Time spent auto-exploring this place.
 F = Levels seen in this place.
 G = Mean time per level.
                   A        B        C        D        E       F      G
               +--------+--------+--------+--------+--------+-----+--------+
         Total |   3014 |   2975 |     39 |    255 |   2279 |   3 | 1004.7 |
       Dungeon |   3014 |   2975 |     39 |    255 |   2279 |   3 | 1004.7 |
               +--------+--------+--------+--------+--------+-----+--------+

Top non-repeatable levels by time:
     D:1: 1247 daAuts
     D:2: 1141 daAuts
     D:3: 625 daAuts
